 Dungeon Crawl Stone Soup version 0.19-a0-1937-g70ed36a (webtiles) character file.

26943 JeffiDaFish the Slicer (level 13, -1/113 HPs)
             Began as a Hill Orc Fighter on Oct 26, 2016.
             Was a High Priest of Beogh.
             Slain by a wolf (6 damage)
             ... on level 5 of the Lair of Beasts.
             The game lasted 00:57:16 (15652 turns).

JeffiDaFish the Slicer (Hill Orc Fighter)          Turns: 15652, Time: 00:57:16

Health: -1/113     AC:  0    Str: 25    XL:     13   Next: 29%
Magic:  20/20      EV:  8    Int: 12    God:    Beogh [*****.]
Gold:   1164       SH: 12    Dex: 11    Spells: 1 memorised, 19 levels left

rFire  + . .     SeeInvis .     n - +7 rapier "Ywnixack" {elec, *Corrode rElec rN+ Int+4}
rCold  . . .     Gourm    .     i - +3 chain mail {rF+}
rNeg   + . .     Faith    .     c - +0 shield
rPois  +         Spirit   .     A - +1 helmet
rElec  +         Reflect  .     (no cloak)
rCorr  .         Harm     .     (no gloves)
MR     .....                    (no boots)
Stlth  ..........               L - amulet of rage
                                p - +2 ring of strength
                                F - ring of poison resistance

@: exhausted, corroded, slowed, very slow
A: walk on water
a: Smiting, Recall Orcish Followers, Give Item to Named Follower, Renounce
Religion, Evoke Berserk Rage


You were on level 5 of the Lair of Beasts.
You worshipped Beogh.
Beogh was extremely pleased with you.
You were not hungry.

You visited 2 branches of the dungeon, and saw 15 of its levels.
You also visited: Sewer and Bailey.

You collected 1164 gold pieces.

Inventory:

Hand Weapons
 n - the +7 rapier "Ywnixack" (weapon) {elec, *Corrode rElec rN+ Int+4}
   (You found it on level 4 of the Dungeon)

   Occasionally, upon striking a foe, it will discharge some electrical energy
   and cause terrible harm.
   It affects your intelligence (+4).
   It insulates you from electricity.
   It protects you from negative energy.
   It may corrode you when you take damage.
Armour
 c - a +0 shield (worn)
 i - a +3 chain mail of fire resistance (worn)
 A - a +1 helmet (worn)
Jewellery
 e - an uncursed ring of protection from magic
 o - an uncursed amulet of the gourmand
 p - a +2 ring of strength (right hand)
 F - a ring of poison resistance (left hand)
 L - an amulet of rage (around neck)
Wands
 g - a wand of hasting (1/9)
 C - a wand of acid (7/15)
 D - a wand of teleportation (8/9)
 I - a wand of confusion (15/48)
 M - a wand of digging (7/24)
 P - a wand of digging (13/24)
 R - a wand of acid (11/15)
Scrolls
 b - 2 scrolls of identify
 k - 3 scrolls of amnesia
 r - 2 scrolls of remove curse
 u - 2 scrolls of magic mapping
 x - a scroll of fear
 y - 5 scrolls of teleportation
 J - a scroll of blinking
 K - a scroll of recharging
Potions
 a - a potion of resistance
 d - a potion of agility
 s - 2 potions of curing
 t - a potion of magic
 z - 5 potions of brilliance
 B - a potion of heal wounds
 E - 2 potions of haste
 G - a potion of cure mutation
 O - a potion of ambrosia
Books
 l - a book of the Sky

   Spells                             Type                      Level
   a - Summon Lightning Spire         Summoning/Air                4
   b - Airstrike                      Air                          4
   c - Silence                        Hexes/Air                    5
   d - Deflect Missiles               Charms/Air                   6
   e - Conjure Ball Lightning         Conjuration/Air              6
   f - Tornado                        Air                          9
 q - a Fen Folio

   Spells                             Type                      Level
   a - Corpse Rot                     Necromancy                   2
   b - Stone Arrow                    Conjuration/Earth            3
   c - Leda's Liquefaction            Hexes/Earth                  4
   d - Summon Forest                  Summoning/Translocation      5
   e - Hydra Form                     Transmutation                6
   f - Summon Hydra                   Summoning                    7
 v - a book of Callings

   Spells                             Type                      Level
   a - Summon Small Mammal            Summoning                    1
   b - Call Imp                       Summoning                    2
   c - Call Canine Familiar           Summoning                    3
   d - Summon Guardian Golem          Hexes/Summoning              3
   e - Summon Lightning Spire         Summoning/Air                4
   f - Summon Ice Beast               Ice/Summoning                4
 H - a book of Maledictions

   Spells                             Type                      Level
   a - Corona                         Hexes                        1
   b - Ensorcelled Hibernation        Hexes/Ice                    2
   c - Confuse                        Hexes                        3
   d - Tukima's Dance                 Hexes                        3
   e - Dazzling Spray                 Conjuration/Hexes            3
 N - Sif Muna's Incunabulum of the Frostbite
   (You found it on level 4 of the Lair of Beasts)

   Spells                             Type                      Level
   a - Freeze                         Ice                          1
   b - Ensorcelled Hibernation        Hexes/Ice                    2
   c - Throw Icicle                   Conjuration/Ice              4
   d - Bolt of Cold                   Conjuration/Ice              6
   e - Simulacrum                     Ice/Necromancy               6
Comestibles
 f - 11 bread rations
 h - 6 meat rations
 j - a fruit
 m - 5 beef jerkies
 w - 10 slices of pizza


   Skills:
 + Level 9.8 Fighting
 + Level 12.0 Short Blades
   Level 7.1 Axes
 + Level 9.6 Armour
 + Level 2.0 Dodging
 + Level 1.3 Stealth
 + Level 9.0 Shields
 * Level 4.7 Spellcasting
 * Level 6.3 Hexes
 * Level 6.4 Ice Magic


You had 19 spell levels left.
You knew the following spells:

 Your Spells              Type           Power        Failure   Level  Hunger
a - Ensorcelled Hibernat  Hex/Ice        ###...       24%         2    ##.....


Dungeon Overview and Level Annotations

Branches:
Dungeon (10/15)            Temple (0/1) D:5            Lair (5/6) D:10
  Swamp (0/4) Lair:3        Snake (0/4) Lair:3
  Slime: Lair:5-6       Orc: D:9-12

Altars:
Ashenzari
Cheibriados
Dithmenos
Gozag
Hepliaklqana
Kikubaaqudgha
Nemelex Xobeh
Ru
Trog
Uskayaw
Xom
The Shining One

Shops:
D:6 !((*   D:10 (


Message History

* * * LOW HITPOINT WARNING * * *
You block the wolf's attack. The wolf bites you.
* * * LOW HITPOINT WARNING * * *
You hit the wolf.
You kill the wolf!
Beogh accepts your kill. The wolf bites you!
* * * LOW HITPOINT WARNING * * *
The torpor snail bites you but does no damage.
The wolf bites you!
* * * LOW HITPOINT WARNING * * *
You hit the yak.
There is a sudden explosion of sparks!
The yak is moderately wounded.
The wolf bites you.
* * * LOW HITPOINT WARNING * * *
Your corrosive artefact corrodes you!
The torpor snail bites you.
* * * LOW HITPOINT WARNING * * *
You block the wolf's attack.
You completely miss the yak. The wolf bites you.
You die...

.......#...###########P.
P..........#....#..#
P......#..........##
...................#
#.##.##P#....##....# ##
###...#..#o..#
#....###...#
#...YY###### ##..ยง.#@#
......Yhw#
...##....hY...P..
.............P... .
..#..#.........
..P.###.#.....$. .... ..
.$..... .. .. .......
... .......


You could see a torpor snail, 4 yaks and 2 wolves.

Vanquished Creatures
  A hydra (Lair:2)
  An ice dragon (Lair:4)
  A catoblepas (Lair:3)
  The ghost of Yezarul the Skirmisher, a novice GrFi of Okawaru (Bailey)
  2 hill giants (D:10)
  An orc knight (Bailey)
  A manticore (D:10)
  4 black mambas
  A centaur skeleton (D:10)
  7 spiny frogs
  5 komodo dragons
  Grinder (D:4)
  Prince Ribbit (D:7)
  8 blink frogs
  3 hippogriffs
  13 yaks
  Sigmund (D:6)
  A basilisk (Lair:3)
  The ghost of JeffiDaFish the Chopper, an amateur HOFi (D:4)
  5 swamp worms (D:8)
  5 insubstantial wisps (Lair:3)
  Edmund (D:6)
  13 water moccasins
  4 porcupines
  2 sky beasts
  A necrophage (D:10)
  An ice beast (D:9)
  6 orc warriors
  A phantom (D:8)
  An eye of draining (D:10)
  3 black bears (D:8)
  9 centaurs
  3 ogres
  8 wolves
  8 crocodiles
  4 big kobolds
  Blork the orc (D:4)
  11 bullfrogs
  5 scorpions
  A wyvern skeleton (D:10)
  10 killer bees
  6 howler monkeys
  An electric eel (Lair:3)
  2 crimson imps
  2 bullfrog zombies
  A quasit (D:10)
  3 jellies (D:5)
  2 centaur zombies
  A bullfrog skeleton (D:8)
  5 hounds
  6 orc wizards
  Natasha (thrice) (D:3)
  3 iguanas
  10 worker ants
  A hound skeleton (D:10)
  3 worker ant zombies
  20 adders
  9 gnolls
  A river rat (Sewer)
  A shadow imp (D:5)
  2 white imps (Lair:4)
  An ooze (D:1)
  An adder zombie (D:5)
  An adder skeleton (D:5)
  16 worms
  3 dart slugs
  2 leopard geckos
  24 orcs
  2 ball pythons
  5 giant cockroaches
  7 goblins
  10 hobgoblins
  10 jackals
  33 kobolds
  3 quokkas
  4 bats
  4 frilled lizards
  A leopard gecko skeleton (D:6)
  A leopard gecko zombie (D:5)
  A quokka zombie (D:5)
  12 rats
380 creatures vanquished.

Vanquished Creatures (collateral kills)
  2 black mambas
  2 spiny frogs (Lair:2)
  A centaur skeleton (D:10)
  A gargoyle (D:10)
  A komodo dragon (Lair:2)
  3 hippogriffs
  3 blink frogs
  A basilisk (Lair:2)
  A yak (Lair:5)
  A hungry ghost (D:9)
  A human (D:10)
  An insubstantial wisp (Lair:3)
  7 water moccasins
  A porcupine (Lair:1)
  2 orc warriors
  A phantom (D:10)
  2 wolves
  4 crocodiles
  3 bullfrogs
  3 killer bees (D:10)
  An electric eel (Lair:4)
  A gnoll shaman (D:10)
  An iguana (D:10)
  A worker ant (D:10)
  3 gnolls
  4 adders (Lair:3)
  A shadow imp (D:10)
  A white imp (Lair:4)
  2 goblins (Bailey)
  A hobgoblin (Bailey)
  A kobold (D:10)
  2 plants
60 creatures vanquished.

Vanquished Creatures (others)
  An orc high priest (Lair:5)
  5 orc warriors
  An orc wizard (D:7)
  3 orcs
  A fungus (Lair:1)
  3 plants
14 creatures vanquished.

Grand Total: 454 creatures vanquished

Notes
Turn   | Place    | Note
-------+----------+-------------------------------------------
     0 | D:1      | JeffiDaFish the Hill Orc Fighter began the quest for the Orb.
     0 | D:1      | Reached XP level 1. HP: 19/19 MP: 1/1
    89 | D:1      | Reached XP level 2. HP: 23/27 MP: 2/2
   371 | D:1      | Reached XP level 3. HP: 32/33 MP: 3/3
  1081 | D:2      | Found a snail-covered altar of Cheibriados.
  1180 | D:2      | Reached XP level 4. HP: 40/40 MP: 4/4
  1410 | D:2      | Gained mutation: You are agile. (Dex +2) [potion of mutation]
  1410 | D:2      | Gained mutation: You are robust. (+10% HP) [potion of mutation]
  1410 | D:2      | Gained mutation: Potions and wands are less effective at restoring your health. [potion of mutation]
  1711 | D:3      | Found a faded altar of an unknown god.
  1745 | D:3      | Found a shattered altar of Ashenzari.
  1795 | D:3      | Reached skill level 5 in Axes
  1795 | D:3      | Reached XP level 5. HP: 43/50 MP: 5/5
  2318 | D:3      | Noticed Natasha
  2332 | D:3      | Killed Natasha
  2519 | D:3      | Reached XP level 6. HP: 57/58 MP: 6/6
  2597 | D:3      | Noticed Natasha
  2603 | D:3      | Killed Natasha
  2727 | D:3      | Noticed Natasha
  2732 | D:3      | Killed Natasha
  2822 | D:4      | Found a shimmering altar of Xom.
  2834 | D:4      | Got a crystal rapier
  2835 | D:4      | Identified the +7 rapier "Ywnixack" {elec, *Corrode rElec rN+ Int+4} (You found it on level 4 of the Dungeon)
  2857 | D:4      | Noticed Grinder
  2867 | D:4      | Killed Grinder
  2867 | D:4      | Reached skill level 5 in Armour
  2867 | D:4      | Reached XP level 7. HP: 66/66 MP: 7/7
  3024 | D:4      | Noticed JeffiDaFish's ghost (amateur HOFi)
  3031 | D:4      | Killed JeffiDaFish's ghost
  3031 | D:4      | Reached skill level 5 in Fighting
  3031 | D:4      | Reached skill level 2 in Short Blades
  3409 | D:4      | Found a glowing drain.
  3415 | Sewer    | Entered a sewer
  3535 | Sewer    | Found a white marble altar of Elyvilon.
  3794 | D:4      | Noticed Blork the orc
  3802 | D:4      | Killed Blork the orc
  3802 | D:4      | Reached skill level 3 in Short Blades
  3802 | D:4      | Reached XP level 8. HP: 63/74 MP: 8/8
  3832 | D:4      | Reached skill level 5 in Shields
  3930 | D:5      | Entered Level 5 of the Dungeon
  3939 | D:5      | Found a sparkling altar of Nemelex Xobeh.
  3974 | D:5      | Reached skill level 4 in Short Blades
  4180 | D:5      | Found a staircase to the Ecumenical Temple.
  4525 | D:5      | Found a faded altar of an unknown god.
  4525 | D:5      | Found a faded altar of an unknown god.
  4532 | D:5      | Found a faded altar of an unknown god.
  4534 | D:5      | Found an ancient bone altar of Kikubaaqudgha.
  4536 | D:5      | Found a faded altar of an unknown god.
  4679 | D:5      | Reached skill level 5 in Short Blades
  4918 | D:6      | Reached skill level 1 in Dodging
  4923 | D:6      | Became a worshipper of Beogh the Brigand
  4974 | D:6      | Found a glowing golden altar of the Shining One.
  5047 | D:6      | Found Pefruom's Antique Weapon Shop.
  5080 | D:6      | Found Qoheufas's Gadget Emporium.
  5092 | D:6      | Noticed a hand axe
  5093 | D:6      | Noticed a dagger
  5094 | D:6      | Found a hide-covered altar of Uskayaw.
  5101 | D:6      | Reached skill level 6 in Short Blades
  5101 | D:6      | Reached XP level 9. HP: 69/82 MP: 9/9
  5196 | D:6      | Found Punlaluz's Assorted Antiques.
  5277 | D:6      | Found Juojexej's Distillery.
  5320 | D:6      | Identified the +2 ring mail of the Beggar {rElec rPois Dex+3} (You found it on level 6 of the Dungeon)
  5449 | D:6      | Noticed Sigmund
  5454 | D:6      | Killed Sigmund
  5473 | D:6      | Noticed Edmund
  5477 | D:6      | Killed Edmund
  5545 | D:6      | Found Ezxif's Weapon Emporium.
  5678 | D:7      | Noticed Prince Ribbit
  5686 | D:7      | Killed Prince Ribbit
  5686 | D:7      | Reached * piety under Beogh
  5686 | D:7      | Reached skill level 7 in Short Blades
  5817 | D:7      | Found a hazy altar of Hepliaklqana.
  5817 | D:7      | Found a shadowy altar of Dithmenos.
  5948 | D:7      | Found a sacrificial altar of Ru.
  6218 | D:7      | Lost mutation: You are agile. (Dex +2) [potion of cure mutation]
  6218 | D:7      | Lost mutation: You are robust. (+10% HP) [potion of cure mutation]
  6218 | D:7      | Lost mutation: Potions and wands are less effective at restoring your health. [potion of cure mutation]
  6301 | D:8      | Reached skill level 8 in Short Blades
  6797 | D:8      | Reached XP level 10. HP: 84/84 MP: 10/10
  6886 | D:8      | Reached ** piety under Beogh
  6939 | D:8      | Reached skill level 9 in Short Blades
  7362 | D:8      | Learned a level 2 spell: Ensorcelled Hibernation
  7441 | D:8      | Reached skill level 1 in Hexes
  7445 | D:8      | Reached skill level 1 in Ice Magic
  7528 | D:8      | Found a bloodstained altar of Trog.
  7895 | D:9      | Reached *** piety under Beogh
  7948 | D:9      | Got a translucent trident
  7949 | D:9      | Identified the +7 trident "Cubbich" {drain, rElec rF+ MR++ Str-2} (You found it on level 9 of the Dungeon)
  7951 | D:9      | Found an opulent altar of Gozag.
  8020 | D:9      | Reached skill level 1 in Spellcasting
  8050 | D:9      | Found a flagged portal.
  8063 | Bailey   | Entered a bailey
  8082 | Bailey   | Noticed Yezarul's ghost (novice GrFi)
  8094 | Bailey   | Killed Yezarul's ghost
  8224 | Bailey   | Noticed an orc knight
  8241 | Bailey   | Killed an orc knight
  8254 | Bailey   | Reached skill level 10 in Short Blades
  8627 | D:9      | Reached XP level 11. HP: 93/94 MP: 13/13
  8788 | D:10     | Entered Level 10 of the Dungeon
  8817 | D:10     | Found Hemiogg's Antique Weapon Emporium.
  8826 | D:10     | Reached **** piety under Beogh
  9211 | D:10     | Noticed a hill giant
  9223 | D:10     | Killed a hill giant
  9223 | D:10     | Reached skill level 1 in Stealth
  9502 | D:10     | Noticed a manticore
  9507 | D:10     | Killed a manticore
  9870 | D:10     | Reached ***** piety under Beogh
  9921 | D:10     | Noticed a hill giant
  9925 | D:10     | Gained Oruk as an ally
  9931 | D:10     | Killed a hill giant
 10406 | D:10     | Found a staircase to the Lair.
 10692 | Lair:1   | Entered Level 1 of the Lair of Beasts
 10811 | Lair:1   | Reached XP level 12. HP: 94/103 MP: 15/17
 11392 | Lair:1   | Reached skill level 11 in Short Blades
 11933 | Lair:2   | Reached skill level 5 in Ice Magic
 12029 | Lair:2   | Reached skill level 5 in Hexes
 12565 | Lair:2   | Noticed a five-headed hydra
 12572 | Lair:2   | Killed a five-headed hydra
 13406 | Lair:3   | Found a staircase to the Snake Pit.
 13607 | Lair:3   | Noticed a catoblepas
 13640 | Lair:3   | Found a staircase to the Swamp.
 13641 | Lair:3   | Killed a catoblepas
 13665 | Lair:3   | Reached XP level 13. HP: 85/111 MP: 19/19
 14548 | Lair:4   | Identified Sif Muna's Incunabulum of the Frostbite
 14710 | Lair:4   | Noticed an ice dragon
 14722 | Lair:4   | Killed an ice dragon
 15634 | Lair:5   | Your ally Oruk died
 15636 | Lair:5   | Reached skill level 12 in Short Blades
 15651 | Lair:5   | HP: 5/113 [torpor snail (4)]
 15652 | Lair:5   | Slain by a wolf

Vault maps used:
D:1:      lemuel_arrival_hallway, minmay_pentomino_r4
D:2:      nicolae_overflow_crystal_walls, minmay_misc_feat_cross
D:3:      lemuel_upstairs_altar, cheibrodos_ashenzari_chains,
          ecumenical_altar_2, uniq_natasha
D:4:      overflow_temple_1_default, lightli_sewer_entry_pipes, uniq_grinder,
          uniq_blork_the_orc
D:5:      kennysheep_spiral_hall, chequers_temple_overflow_minitemple,
          kennysheep_little_box, first_bread, lightli_corner_chamber
D:6:      nicolae_tso_carved_into_rock, dancing_weapons_uskayaw, serial_shops,
          shop, kennysheep_mini, shop, nicolae_shop_stone, shop,
          sigmund_edmund_badplayer
D:7:      nicolae_ru_awakened_eye, gammafunk_temple_overflow_statue,
          uniq_prince_ribbit1
D:8:      trog_ov_bears_minmay, worms_lemuel
D:9:      grunt_gozag_breadcrumbs, enter_bailey_2
D:10:     minmay_imperfect_grid, serial_shops, nicolae_shop_trees,
          grunt_pizzeria
Lair:2:   serial_bayou_pond_e, minmay_stone_trees_small, grunt_megastairs_4
Lair:3:   minmay_swamp_entry_wisps, minmay_snake_entry_six_corridors,
          st_stairs_12, nicolae_quartered_pool_super, serial_bayou_pond_d
Lair:4:   bobbens_ice_dragon_lair, serial_bayou_shore_a, grunt_megastairs_2,
          infiniplex_staircase_pool
Sewer:    sewer_kobolds
Bailey:   bailey_axe_1, bailey

Skill      XL: |  1  2  3  4  5  6  7  8  9 10 11 12 13 |
---------------+----------------------------------------+-----
Axes           | 3 4 5 6 7 |  7.1
Fighting       | 4 5 6 7 8 9 |  9.8
Armour         | 4 5 6 7 8 9 |  9.6
Shields        | 4 5 6 7 8 9 |  9.0
Short Blades   | 3 6 8 10 11 12 | 12.0
Dodging        | 1 2 |  2.0
Hexes          | 2 4 6 |  6.3
Ice Magic      | 2 4 5 6 |  6.4
Spellcasting   | 1 3 4 |  4.7
Stealth        | 1 |  1.3

Action                   |  1- 3 |  4- 6 |  7- 9 | 10-12 | 13-15 || total
-------------------------+-------+-------+-------+-------+-------++-------
Melee: War axe           |   100 |   133 |       |       |       ||   233
       Rapier            |       |     7 |   314 |   655 |   113 ||  1089
Invok: Convert to Beogh  |       |       |     1 |       |       ||     1
       Give Item to Name |       |       |       |     1 |       ||     1
       Recall Orcish Fol |       |       |       |       |     1 ||     1
 Abil: Evoke Berserk Rag |       |       |       |       |     1 ||     1
  Use: Scroll            |     6 |     2 |     7 |    14 |     1 ||    30
       Potion            |     4 |     3 |     8 |     6 |     2 ||    23
 Stab: Distracted        |       |       |       |     3 |       ||     3
  Eat: Chunk             |     1 |     4 |     6 |    10 |     4 ||    25
       Royal jelly       |       |     1 |       |       |       ||     1
       Bread ration      |       |       |     1 |     2 |       ||     3
       Pizza             |       |       |     1 |       |     1 ||     2
       Meat ration       |       |       |     1 |       |       ||     1
       Fruit             |       |       |       |     1 |     1 ||     2
Armor: Scale mail        |    18 |       |       |       |       ||    18
       Chain mail        |    34 |    53 |   123 |   216 |    34 ||   460
Dodge: Dodged            |    26 |    31 |    61 |   115 |    33 ||   266
Block: Shield            |    56 |    74 |   117 |   310 |    62 ||   619
